 Dungeon Crawl Stone Soup version 0.28.0-45-g0d030f2227 (console) character file.

Game seed: 427396816680158895

32 Zeor the Twirler (level 3, -2/22 HPs)
             Began as a Gargoyle Gladiator on Apr 6, 2022.
             Slain by Terence
             ... wielding a +0 short sword
              (7 damage)
             ... on level 2 of the Dungeon.
             The game lasted 00:03:17 (1693 turns).

Zeor the Twirler (Gargoyle Gladiator)               Turns: 1693, Time: 00:03:18

Health: -2/22      AC: 12    Str: 19    XL:     3   Next: 25%
Magic:  3/3        EV:  8    Int:  8    God:
Gold:   31         SH:  0    Dex: 11    Spells: 2/2 levels left

rFire   . . .      SeeInvis .   a - +0 quarterstaff
rCold   . . .      Faith    .   (shield currently unavailable)
rNeg    + . .      Spirit   .   i - +0 chain mail
rPois   ∞          Reflect  .   c - +0 helmet
rElec   +          Harm     .   (no cloak)
rCorr   .          Rampage  .   (no gloves)
Will    .....                   (no boots)
Stlth   ..........              (no amulet)
HPRegen 0.07/turn               (no ring)
MPRegen 0.08/turn               (no ring)

@: no status effects
A: sickness immunity, AC +3, negative energy resistance 1, electricity
resistance, torment resistance 1, petrification resistance
a: no special abilities


You were on level 2 of the Dungeon.
You visited 1 branch of the dungeon, and saw 2 of its levels.

You collected 31 gold pieces.

Inventory:

Hand Weapons
 a - a +0 quarterstaff (weapon)
Missiles
 d - 3 throwing nets (quivered)
 g - 33 arrows
Armour
 c - a +0 helmet (worn)
 i - a +0 chain mail (worn)
Scrolls
 f - a scroll of magic mapping
Potions
 h - a potion of magic {unknown}


   Skills:
 * Level 2.3 Fighting
 + Level 3.7 Staves
 + Level 1.8 Throwing
 * Level 1.0 Armour
 + Level 2.6 Dodging


You had 2 spell levels left.
You didn't know any spells.
Your spell library was empty.

Dungeon Overview and Level Annotations

Branches:
Dungeon (2/15)

Altars:

Annotations:
D:2 Terence


Innate Abilities, Weirdness & Mutations

You are immune to sickness and miasma.
Your stone body is resilient. (AC +3)
You are immune to poison.
You resist negative energy. (rN+)
You are resistant to electric shocks. (rElec)
You are resistant to unholy torment.
You are immune to petrification.


Message History

Things that are here:
a +0 short sword; 4 stones; a kobold corpse
Items here: )) ††.
As you open the door, it creaks loudly!
There is an open door here.
You see here a +0 club.
There is an open door here.
Things that are here:
a +1 short sword of protection; 2 stones
Items here: )) ††.
Things that are here:
a +0 short sword; 4 stones; a kobold corpse You see here a rat corpse.
Partly explored, can't reach some places.
Partly explored, can't reach some places.
You see here a +0 whip.
You see here a staff of fire.
There is a stone staircase leading down here.
You climb downwards.
Terence shouts!
Found a scroll labelled YKUIBBOPTO.
There is a stone staircase leading up here.
You hit the giant cockroach.
The giant cockroach is heavily wounded.
The giant cockroach bites you but does no damage.
You closely miss the giant cockroach.
The giant cockroach is heavily wounded.
The giant cockroach barely misses you.
Terence drinks a potion.
Terence goes berserk!
You sock the giant cockroach!
You kill the giant cockroach!
Terence hits you but does no damage.
You see here a giant cockroach corpse.
Terence closely misses you.
It was a potion of curing.
You feel better. Terence hits you with a +0 short sword!
You closely miss Terence. Terence hits you with a +0 short sword!
* * * LOW HITPOINT WARNING * * *
Terence hits you with a +0 short sword!
You die...

▒∙▒?▒ ▒∙▒∙▒ ▒
▒∙▒▒▒∙▒∙▒∙▒
▒∙∙∙∙∙∙∙▒∙▒▒▒▒▒


∙∙∙∙∙∙∙<∙∙∙∙∙∙∙ ▒▒▒▒▒∙▒∙▒▒▒▒▒▒∙ ▒ ▒†▒ ▒@▒ ▒9▒ ▒∙▒ ∙∙∙ ∙∙∙∙∙ ▒∙∙∙∙∙∙ ∙∙∙∙▒▒▒▒
▒▒▒▒▒▒ You could see Terence (berserk).

Vanquished Creatures
  2 bats (D:1)
  3 endoplasms (D:1)
  3 giant cockroaches
  2 goblins (D:1)
  7 kobolds (D:1)
  4 quokkas (D:1)
  2 ball pythons (D:1)
  A frilled lizard (D:1)
  4 rats (D:1)
28 creatures vanquished.

Vanquished Creatures (others)
  7 plants (D:1)
7 creatures vanquished.

Grand Total: 35 creatures vanquished

Notes
Turn   | Place    | Note
-------+----------+-------------------------------------------
     0 | D:1      | Zeor the Gargoyle Gladiator began the quest for the Orb.
     0 | D:1      | Reached XP level 1. HP: 12/12 MP: 1/1
   235 | D:1      | Reached XP level 2. HP: 10/17 MP: 2/2
  1304 | D:1      | Reached XP level 3. HP: 20/21 MP: 3/3
  1449 | D:1      | Reached skill level 1 in Armour
  1684 | D:2      | Noticed Terence
  1693 | D:2      | Slain by Terence

Illustrated notes

Levels and vault maps discovered:
D:1:      amcnicky_arrival_feature_with_door, layout_loops_corners,
          lexackson_kobold_supper
D:2:      layout_basic, basic_altar, uniq_jessica, uniq_terence

Skill      XL: |  1  2  3 |
---------------+----------+-----
Armour         | 1 |  1.0
Fighting       | |  2.3
Staves         | |  3.7
Throwing       | |  1.8
Dodging        | |  2.6

Action                   || total
-------------------------++-------
Melee: Quarterstaff      ||    65
  Use: Scroll            ||     2
       Potion            ||     1
Armor: Ring mail         ||     8
       Chain mail        ||    28
Dodge: Dodged            ||    20
